 Dungeon Crawl Stone Soup version 0.31-a0-1317-gdfb52cbc09 (webtiles) character file.

Game seed: 3609150166915976860

65 Dirian the Covered (level 3, -5/33 HPs)
             Began as a Minotaur Fighter on Dec 20, 2023.
             Was an Initiate of Okawaru.
             Killed by divine providence
             ... invoked by an orc priest
              (12 damage)
             ... on level 3 of the Dungeon.
             The game lasted 00:03:01 (1418 turns).

Dirian the Covered (Minotaur Fighter)               Turns: 1418, Time: 00:03:01

Health: -5/33      AC:  8    Str: 20    XL:     3   Next: 94%
Magic:  2/2        EV:  9    Int:  5    God:    Okawaru [......]
Gold:   66         SH:  4    Dex: 11    Spells: 2/2 levels left

rFire   . . .        a - +0 long sword
rCold   . . .        c - +0 buckler
rNeg    . . .        b - +0 scale mail
rPois   .            (helmet restricted)
rElec   .            (no cloak)
rCorr   .            r - +0 pair of gloves
SInv    .            (no boots)
Will    .....        (no amulet) Stlth
                     (no ring)
HPRegen 0.25/turn    (no ring)
MPRegen 0.08/turn

%: no passive effects
@: no status effects
A: horns 2, retaliatory headbutt
a: Renounce Religion


You were on level 3 of the Dungeon.
You worshipped Okawaru.
Okawaru was noncommittal.
You visited 1 branch of the dungeon, and saw 3 of its levels.

You collected 66 gold pieces.

Inventory:

Hand Weapons
 a - a +0 long sword (weapon)
Armour
 b - a +0 scale mail (worn)
 c - a +0 buckler (worn)
 r - a +0 pair of gloves (worn)
Jewellery
 k - a ring of wizardry
 l - a ring of protection from cold
 t - an amulet of guardian spirit
Scrolls
 e - a scroll of enchant armour {unknown}
 f - 2 scrolls of amnesia {unknown}
 g - a scroll of enchant weapon {unknown}
 i - 3 scrolls of teleportation {unknown}
 m - a scroll of brand weapon {unknown}
 o - a scroll of fog {unknown}
 q - a scroll of fear {unknown}
 s - a scroll of identify {unknown}
 u - a scroll of torment {unknown}
Potions
 d - 2 potions of might
 h - a potion of haste {unknown}
 j - a potion of ambrosia {unknown}
 n - 2 potions of heal wounds {unknown}
 p - 2 potions of mutation {unknown}


   Skills:
 + Level 4.2 Fighting
 + Level 3.3 Long Blades
 + Level 4.3 Armour
 + Level 0.6 Dodging
 + Level 4.1 Shields


You had 2 spell levels left.
You didn't know any spells.
Your spell library was empty.

Dungeon Overview and Level Annotations

Branches:
Dungeon (3/15) Zot: 16552

Altars:
Okawaru

Shops:
D:2 *


Innate Abilities, Weirdness & Mutations

You have a pair of horns on your head.
You reflexively headbutt those who attack you in melee.


Message History

You are too injured to fight recklessly!
You are too injured to fight recklessly!
You are too injured to fight recklessly!
You are too injured to fight recklessly!
You are too injured to fight recklessly!
You are too injured to fight recklessly!
You are too injured to fight recklessly!
The orc attacks as it pursues you! The orc closely misses you.
You furiously retaliate!
You headbutt the orc. The orc attacks as it pursues you!
The orc hits you with a +0 club.
There is a stone staircase leading up here.
You barely miss the orc.
The orc is severely wounded.
The orc hits you but does no damage.
You hit the orc.
The orc is almost dead.
The orc hits you but does no damage. x2
You closely miss the orc. You headbutt the orc.
You kill the orc!
Okawaru accepts your kill.
The orc priest hits you from afar with a +0 trident.
The orc priest hits you but does no damage.
The orc hits you with a +0 hand axe.
You climb upwards.
There is a stone staircase leading down here.
You hit the orc but do no damage. You headbutt the orc, but do no damage.
You block the orc's attack.
You hit the orc but do no damage. You block the orc's attack.
You slash the orc!
You kill the orc!
Okawaru accepts your kill.
You climb downwards.
The orc priest hits you from afar with a +0 trident.
The orc priest calls down the wrath of Beogh upon you.
Beogh smites you!
* * * LOW HITPOINT WARNING * * *
There is a stone staircase leading up here.
The orc priest invokes the aid of Beogh against you.
Beogh smites you!
You die...

######## #....o.#
...###o)##########
#####..#@..†.....#
#..oo.##.........#
#.o######..†......#
....# #..........
..$... #..........
..... ###.#####..
..... ..# # ....
### ....


You could see 2 orc priests.

Vanquished Creatures
  2 adders (D:2)
  3 worms (D:2)
  A dart slug (D:2)
  2 orcs
  A ball python (D:1)
  3 bats
  3 endoplasms
  2 goblins (D:1)
  5 hobgoblins
  A kobold (D:2)
  4 quokkas
  3 frilled lizards
  3 rats
33 creatures vanquished.

Notes
Turn   | Place    | Note
-------+----------+-------------------------------------------
     0 | D:1      | Dirian the Minotaur Fighter began the quest for the Orb.
     0 | D:1      | Reached XP level 1. HP: 19/19 MP: 0/0
   195 | D:1      | Reached XP level 2. HP: 27/27 MP: 1/1
   463 | D:1      | Found a faded altar of an unknown god.
   826 | D:2      | Reached XP level 3. HP: 33/33 MP: 2/2
   924 | D:2      | Found an iron altar of Okawaru.
  1031 | D:2      | Became a worshipper of Warmaster Okawaru
  1310 | D:2      | Found Qice's Assorted Antiques.
  1418 | D:3      | Killed from afar by an orc priest

Illustrated notes

Levels and vault maps discovered:
D:1:      nicolae_arrival_memento_mori, layout_rooms,
          shapermc_ecumenical_altar_mp_urbaneastern, corner_web_ring,
          minmay_tromino_i2
D:2:      minmay_angry_zag, layout_loops_ring, basic_altar, serial_shops, shop
D:3:      layout_rooms, lemuel_blue_sif_altar, uniq_crazy_yiuf_cottage

Skill      XL: |  1  2  3 |
---------------+----------+-----
Shields        | 4 |  4.1
Armour         | 4 |  4.3
Long Blades    | 3 |  3.3
Fighting       | 4 |  4.2
Dodging        | |  0.6

Action                     || total
---------------------------++-------
  Melee: Long sword        ||    96
         Headbutt          ||    17
 Armour: Scale mail        ||    59
  Dodge: Dodged            ||    34
  Block: Buckler           ||    20

Table legend: (Time is in decaauts)
 A = Elapsed time spent in this place.
 B = Non-inter-level travel time spent in this place.
 C = Inter-level travel time spent in this place.
 D = Time resting spent in this place.
 E = Time spent auto-exploring this place.
 F = Levels seen in this place.
 G = Mean time per level.
                   A        B        C        D        E       F      G
               +--------+--------+--------+--------+--------+-----+--------+
         Total |   1446 |   1337 |    109 |      0 |   1056 |   3 |  482.0 |
       Dungeon |   1446 |   1337 |    109 |      0 |   1056 |   3 |  482.0 |
               +--------+--------+--------+--------+--------+-----+--------+

Top non-repeatable levels by time:
     D:1: 764 daAuts
     D:2: 650 daAuts
     D:3: 31 daAuts
